 Dungeon Crawl Stone Soup version 0.14-a0-1527-g89529d6 (webtiles) character file.

161 M4edhros the Poker (level 4, 0/33 HPs)
             Began as an Octopode Chaos Knight on Dec 17, 2013.
             Was a Plaything of Xom.
             Slain by a kobold (4 damage)
             ... on Level 2 of the Dungeon.
             The game lasted 00:01:14 (939 turns).

M4edhros the Poker (Octopode Chaos Knight)           Turns: 939, Time: 00:01:14

HP   0/33        AC  1     Str 11      XL: 4   Next: 87%
MP   4/4         EV 13     Int 15      God: Xom
Gold 53          SH  0     Dex 11      Spells:  0 memorised,  3 levels left

rFire  . . .     SeeInvis .     a - +0 spear (chaos)
rCold  . . .     Clarity  .     (no shield)
rNeg   . . .     Conserve .     (helmet restricted)
rPois  .         rCorr    .     (no amulet)
rElec  .         rRot     .     (no ring)
SustAb . .       Spirit   .     (no ring)
rMut   .         Warding  .     (no ring)
Saprov . . .     Stasis   .     (no ring)
                                (no ring)
                                (no ring)
                                (no ring)
                                (no ring)

@: slightly resistant to hostile enchantments, fairly stealthy
A: almost no armour, amphibious, 8 rings, constrict 8, camouflage 1, gelatinous
body 1
a: Renounce Religion


You were on level 2 of the Dungeon.
You worshipped Xom.
You were a favourite toy of Xom.
You were not hungry.

You visited 1 branch of the dungeon, and saw 2 of its levels.

You collected 53 gold pieces.

Inventory:

Hand weapons
 a - a +0,+0 spear of chaos (weapon)
 e - a +0,+0 sling
Comestibles
 b - an apricot
 c - a bread ration
 f - 17 grapes
Scrolls
 h - a scroll of amnesia {unknown}
 j - 2 scrolls of random uselessness {unknown}
Potions
 d - a potion of lignification {unknown}
 g - a potion of confusion {unknown}
 i - a potion of magic {unknown}
 k - 2 potions of poison {unknown}


   Skills:
 + Level 3.7 Fighting
 * Level 4.3 Polearms
 + Level 3.3 Dodging


You had 3 spell levels left.
You didn't know any spells.

Dungeon Overview and Level Annotations

Branches:
Dungeon (2/16)

Altars:
Nemelex Xobeh
Xom


Innate Abilities, Weirdness & Mutations

You cannot wear most types of armour.
You are amphibious.
You can wear up to eight rings at the same time.
You can use your tentacles to constrict many enemies at once.
Your skin changes colour to match your surroundings (Stlth).
Your rubbery body absorbs attacks (AC +1).


Message History

Found a stone staircase leading up.
The kobold throws a dart.
The dart misses you.
You closely miss the adder. You grab the adder.
You constrict the adder, but do no damage.
The adder barely misses you.
You hit the adder.
The adder seems to slow down.
You freeze the adder.
The adder is lightly wounded.
You constrict the adder. The kobold hits you. The adder barely misses you.
You barely miss the adder. You squeeze the adder!
The adder is severely wounded.
You constrict the adder. The kobold hits you.
* * * LOW HITPOINT WARNING * * *
The adder bites you.
* * * LOW HITPOINT WARNING * * *
You are too injured to fight recklessly!
You hit the adder but do no damage.
You heal the adder.
The adder is severely wounded.
You constrict the adder. The kobold hits you.
You die... "Boring in life, boring in death..."

#.... K.. #.... ....
#.... ..... #....
......##############....
...................'....
........(....#######....
.......S.........<.......
.......K@.....(#####.####
######.........# #.####
#......(..# ###.....
#.....))..#####.....
#.#####%#.#####.)... #<
#(#.#####.....
########(#.######....
........(#......+....
.........########....


You could see an adder and 2 kobolds.

Vanquished Creatures
  Sigmund (D:2)
  An adder (D:2)
  3 giant geckos (D:1)
  An orc (D:1)
  6 goblins
  3 hobgoblins
  4 kobolds
  3 bats (D:1)
  A giant newt (D:1)
  A rat (D:1)
24 creatures vanquished.

Notes
Turn   | Place    | Note
--------------------------------------------------------------
     0 | D:1      | M4edhros, the Octopode Chaos Knight, began the quest for the Orb.
     0 | D:1      | Reached XP level 1. HP: 16/16 MP: 1/1
   116 | D:1      | Reached XP level 2. HP: 13/21 MP: 2/2
   344 | D:1      | XOM: enchant monster (good)
   525 | D:1      | XOM: scenery: create altars
   856 | D:2      | Found a sparkling altar of Nemelex Xobeh.
   856 | D:2      | XOM: vitrification
   902 | D:2      | Reached XP level 3. HP: 16/26 MP: 3/3
   905 | D:2      | Noticed Sigmund
   914 | D:2      | Killed Sigmund
   914 | D:2      | Reached skill level 4 in Polearms
   914 | D:2      | Reached XP level 4. HP: 27/32 MP: 4/4
   939 | D:2      | Slain by a kobold

Action                   |  1- 3 |  4- 6 || total
-------------------------+-------+-------++-------
Melee: Spear             |    54 |    13 ||    67
  Use: Potion            |     2 |       ||     2
 Stab: Sleeping          |     3 |       ||     3
       Paralysed         |     1 |       ||     1
